 Dungeon Crawl Stone Soup version 0.30-a0-1053-gbd8d5ba0ad (webtiles) character file.

Game seed: 11997343716958466424

332 retardedninja the Trooper (level 6, 0/58 HPs)
             Began as a Naga Fighter on Apr 11, 2023.
             Was an Initiate of Hepliaklqana.
             Slain by an ogre
             ... wielding a +0 giant spiked club
              (30 damage)
             ... on level 5 of the Dungeon.
             The game lasted 00:04:40 (4019 turns).

retardedninja the Trooper (Naga Fighter)            Turns: 4019, Time: 00:04:41

Health: 0/58       AC:  8    Str: 21    XL:     6   Next: 52%
Magic:  6/6        EV:  5    Int:  8    God:    Hepliaklqana [......]
Gold:   103        SH:  4    Dex: 10    Spells: 5/5 levels left

rFire   . . .      SeeInvis +    a - +1 war axe (flame)
rCold   . . .      Faith    .    c - +0 buckler
rNeg    . . .      Spirit   .    t - +0 chain mail
rPois   +          Reflect  .    f - +0 helmet
rElec   .          Rampage  .    (no cloak)
rCorr   .                        (no gloves)
Will    .....                    (no barding) Stlth
                                 (no amulet)
HPRegen 0.29/turn                (no ring)
MPRegen 0.10/turn                (no ring)

@: invisible, very slow
A: AC +2, large, see invisible, deformed body, poison resistance, slowness 2,
spit poison 1, naga tail 1
a: Spit Poison, Renounce Religion


You were on level 5 of the Dungeon.
You worshipped Hepliaklqana.
Hepliaklqana was noncommittal.
You visited 1 branch of the dungeon, and saw 5 of its levels.

You collected 236 gold pieces.
You spent 133 gold pieces at shops.

Inventory:

Hand Weapons
 a - a +1 war axe of flaming (weapon)
Missiles
 r - a throwing net
Armour
 c - a +0 buckler (worn)
 f - a +0 helmet (worn)
 t - a +0 chain mail (worn)
Scrolls
 g - 2 scrolls of teleportation
 h - a scroll of fog
 n - a scroll of fear
 o - a scroll of poison {unknown}
 s - a scroll of magic mapping {unknown}
Potions
 d - a potion of might
 k - a potion of lignification
 l - a potion of degeneration
 m - a potion of berserk rage
 p - a potion of curing


   Skills:
 + Level 4.3 Fighting
 + Level 3.7 Axes
 + Level 3.5 Armour
 + Level 4.0 Shields


You had 5 spell levels left.
You didn't know any spells.
Your spell library contained the following spells:

 Spells                   Type           Power      Damage    Failure   Level
 Sublimation of Blood     Necr           0%         N/A       99%         2
 Wereblood                Tmut           0%         N/A       99%         2
 Summon Hydra             Summ           0%         N/A       100%        7


Dungeon Overview and Level Annotations

Branches:
Dungeon (5/15)
 Temple: D:4-7

Altars:
Hepliaklqana
Ru
Zin

Shops:
D:4 ?   D:5 !?


Innate Abilities, Weirdness & Mutations

Your serpentine skin is tough. (AC +2)
You have supernaturally acute eyesight. (SInv)
Armour fits poorly on your strangely shaped body.
Your system is resistant to poisons. (rPois)
You cover ground very slowly.
You can spit poison.
You have a snake-like lower body.


Message History

You block the water moccasin's attack.
You miss the water moccasin.
The water moccasin is severely wounded.
The water moccasin bites you. You block the water moccasin's attack.
Unknown command.
Unknown command.
You slash the water moccasin! You burn the water moccasin.
You kill the water moccasin!
Your Shields skill increases to level 4!
Unknown command.
No target in view!
No target in view!
You see here a water moccasin corpse.
HP restored.
An ogre comes into view. It is wielding a +0 giant spiked club.
The ogre shouts!
An ogre is nearby!
The ogre hits you with a +0 giant spiked club!
An ogre is nearby!
You hit the ogre. You burn the ogre.
The ogre is lightly wounded.
An ogre is nearby!
You hit the ogre. You burn the ogre.
The ogre is moderately wounded.
You block the ogre's attack.
An ogre is nearby!
You fade into invisibility!
You block the ogre's attack.
Unknown command.
Unknown command.
You hit the ogre. You burn the ogre.
The ogre is heavily wounded.
The ogre hits you with a +0 giant spiked club!
Unknown command.
You strike the helpless ogre from behind!
You hit the ogre. You burn the ogre.
The ogre is heavily wounded.
The ogre hits you with a +0 giant spiked club!!
Ouch! That really hurt!
You die...

#............ #............
#............ #............ #.
#....<....... .# #............ ..
#............ ### .###.#####
############. ..# ..#..O@.# #.
#.####.#####.# #. ##
#.##.#.#####.# ##. ..
#.##....†....# ...
#.##.##.#.####### .#. #.......#.#
...
######.####.#####################
............#....................
#######.#####.###################


You could see an ogre (unable to see you).

Vanquished Creatures
  A water moccasin (D:5)
  A jelly (D:4)
  A hound (D:4)
  3 gnolls (D:4)
  7 adders
  5 worms
  A dart slug (D:4)
  3 orcs
  3 ball pythons
  3 bats
  9 endoplasms
  4 giant cockroaches (D:1)
  8 hobgoblins
  A quokka (D:4)
  2 frilled lizards (D:3)
  4 goblins
  5 kobolds
  4 rats
65 creatures vanquished.

Notes
Turn   | Place    | Note
-------+----------+-------------------------------------------
     0 | D:1      | retardedninja the Naga Fighter began the quest for the Orb.
     0 | D:1      | Reached XP level 1. HP: 21/21 MP: 1/1
   102 | D:1      | Reached XP level 2. HP: 23/28 MP: 2/2
   324 | D:1      | Found a faded altar of an unknown god.
   867 | D:2      | Reached XP level 3. HP: 30/34 MP: 3/3
  1495 | D:3      | You fall into a shaft and drop 1 floor!
  1768 | D:3      | Found a glowing silver altar of Zin.
  1769 | D:3      | Found a sacrificial altar of Ru.
  1931 | D:3      | Reached XP level 4. HP: 27/42 MP: 4/4
  2516 | D:4      | Found a hazy altar of Hepliaklqana.
  2605 | D:4      | Became a worshipper of Hepliaklqana the Forgotten
  2731 | D:4      | Found Loothriot's Magic Scroll Shop.
  2774 | D:4      | Reached XP level 5. HP: 47/50 MP: 5/5
  3743 | D:4      | Reached XP level 6. HP: 57/57 MP: 6/6
  3866 | D:5      | Entered Level 5 of the Dungeon
  3876 | D:5      | Found Heede's Magic Scroll Emporium.
  3884 | D:5      | Bought a scroll of brand weapon for 133 gold pieces
  3887 | D:5      | Found Dadurop's Distillery.
  3971 | D:5      | Noticed a water moccasin
  3978 | D:5      | Killed a water moccasin
  4019 | D:5      | Slain by an ogre

Illustrated notes

Levels and vault maps discovered:
D:1:      roderic_dead_forest, layout_rooms, ebering_ecumenical_altar_webs
D:2:      layout_basic
D:3:      layout_loops_corners, mainiacjoe_overflow_divided_tiny,
          nicolae_half_adder
D:4:      layout_loops_corners, nicolae_hepliaklqana_hippocampus, serial_shops,
          nicolae_shop_crystal, kennysheep_decorative_pillar, nicolae_wormholes
D:5:      layout_basic, nicolae_vehumet_radiance, serial_shops, shop,
          nicolae_lakefront_shop, nicolae_diamond_shop, shop,
          nicolae_stop_n_shop_2, minmay_a_box_with_orc_wizards_in_it

Skill      XL: |  1  2  3  4  5  6 |
---------------+-------------------+-----
Shields        | 3 4 |  4.0
Armour         | 3 |  3.5
Axes           | 3 |  3.7
Fighting       | 4 |  4.3

Action                     |  1- 3 |  4- 6 || total
---------------------------+-------+-------++-------
  Melee: War axe           |   101 |   102 ||   203
    Use: Potion            |       |     2 ||     2
         Scroll            |       |    11 ||    11
   Stab: Invisible         |       |     1 ||     1
 Armour: Scale mail        |    52 |    29 ||    81
         Chain mail        |       |    22 ||    22
  Dodge: Dodged            |    46 |    22 ||    68
  Block: Buckler           |    25 |    31 ||    56

Table legend: (Time is in decaauts)
 A = Elapsed time spent in this place.
 B = Non-inter-level travel time spent in this place.
 C = Inter-level travel time spent in this place.
 D = Time resting spent in this place.
 E = Time spent auto-exploring this place.
 F = Levels seen in this place.
 G = Mean time per level.
                   A        B        C        D        E       F      G
               +--------+--------+--------+--------+--------+-----+--------+
         Total |   5259 |   5078 |    181 |    271 |   4152 |   5 | 1051.8 |
       Dungeon |   5259 |   5078 |    181 |    271 |   4152 |   5 | 1051.8 |
               +--------+--------+--------+--------+--------+-----+--------+

Top non-repeatable levels by time:
     D:4: 1887 daAuts
     D:3: 1374 daAuts
     D:2: 1097 daAuts
     D:1: 700 daAuts
     D:5: 200 daAuts
